 Dungeon Crawl Stone Soup version 0.23.1-37-gaa34b87 (webtiles) character file.

Game seed: 1021525925391291911

56 snowfan the Firebug (level 3, -6/24 HPs)
             Began as a Mummy Fire Elementalist on Mar 22, 2019.
             Mangled by a gnoll
             ... wielding a +0 whip
              (10 damage)
             ... on level 2 of the Dungeon.
             The game lasted 00:02:42 (1740 turns).

snowfan the Firebug (Mummy Fire Elementalist)       Turns: 1740, Time: 00:02:43

Health: -6/24      AC:  2    Str: 11    XL:     3   Next: 71%
Magic:  2/7        EV: 12    Int: 15    God:
Gold:   145        SH:  0    Dex: 12    Spells: 6/7 levels left

rFire    x . .     SeeInvis .   f - +0 short sword
rCold    + . .     Gourm    .   (no shield)
rNeg     + + +     Faith    .   a - +0 robe
rPois    ∞         Spirit   .   (no helmet)
rElec    .         Reflect  .   (no cloak)
rCorr    .         Harm     .   (no gloves)
MR       .....                  (no boots)
Stlth    ++........             (no amulet)
HPRegen  0.08/turn              (no ring)
MPRegen  0.10/turn              (no ring)

@: no status effects
A: no food or potions, fire vulnerability, cold resistance 1, negative energy
resistance 3, torment resistance, unbreathing
a: no special abilities


You were on level 2 of the Dungeon.
You were not hungry.

You visited 1 branch of the dungeon, and saw 2 of its levels.

You collected 145 gold pieces.

Inventory:

Hand Weapons
 f - a +0 short sword (weapon)
Armour
 a - a +0 robe (worn)
Scrolls
 b - a scroll of fog {unknown}
 c - 3 scrolls of blinking {unknown}
 d - 2 scrolls of teleportation {unknown}
 e - a scroll of remove curse {unknown}
 g - a scroll of fear {unknown}
 h - a scroll of enchant weapon {unknown}


   Skills:
 - Level 1.5 Dodging
 - Level 1.5 Stealth
 - Level 2.6 Spellcasting
 + Level 2.1 Conjurations
 + Level 3.2 Fire Magic


You had 6 spell levels left.
You knew the following spells:

 Your Spells              Type           Power        Failure   Level  Hunger
a - Flame Tongue          Conj/Fire      ##...        7%          1    N/A

Your spell library contained the following spells:

 Spells                   Type           Power        Failure   Level  Hunger
 Throw Flame              Conj/Fire      ##....       11%         2    N/A
 Conjure Flame            Conj/Fire      ##......     21%         3    N/A
 Inner Flame              Hex/Fire       #.......     32%         3    N/A
 Sticky Flame             Conj/Fire      ##......     56%         4    N/A
 Fireball                 Conj/Fire      ##........   88%         5    N/A

Dungeon Overview and Level Annotations

Branches:
Dungeon (2/15)

Altars:


Innate Abilities, Weirdness & Mutations

You do not eat or drink.
Your flesh is vulnerable to fire.
You are immune to poison.
Your flesh is cold resistant. (rC+)
You are immune to negative energy. (rN+++)
You are immune to unholy pain and torment.
You can survive without breathing.


Message History

Confirm with . or Enter, or press ? or * to list all spells.
Aiming: Flame Tongue (safe; 7% risk of failure)
Press: ? - help, Shift-Dir - straight line, f - gnoll
Aim: a gnoll, wielding a +0 flail The flame tongue hits the gnoll.
The gnoll is heavily wounded.
The gnoll hits you with a +0 flail.
* * * LOW HITPOINT WARNING * * *
Casting: Flame Tongue (safe; 7% risk of failure)
Confirm with . or Enter, or press ? or * to list all spells.
Aiming: Flame Tongue (safe; 7% risk of failure)
Press: ? - help, Shift-Dir - straight line, f/p - gnoll
Aim: a gnoll, wielding a +0 flail (heavily wounded)
The flame tongue hits the gnoll!
You kill the gnoll!
Casting: Flame Tongue (safe; 7% risk of failure)
Confirm with . or Enter, or press ? or * to list all spells.
You don't have enough magic to cast that spell.
The gnoll hits you with a +0 whip!
You die...

#######..#........#######.#
...........................
########..........#......#.
##..........#####.... ##
#..)............!.... ..
#.................#.. ..##
#..........###..##... ...#
######>....##..##........ .$.#
##....g.g@.......#.##..#.#
...#####..###...........#.#..##.)
...##......##.......#.....#.####.
..)...#..#.###.....##.#.....# #.
...#).#)%#.# ##...###.....### ###
..###.#..#.# ##..###....######..
.. .......# ###.###............#
.. ...#######....).......#######
.. ##### #....###.........# #


You could see 2 gnolls.

Vanquished Creatures
  3 gnolls
  An ooze (D:2)
  A worm (D:2)
  A dart slug (D:1)
  A giant cockroach (D:1)
  A ball python (D:2)
  6 bats (D:1)
  2 frilled lizards
  3 goblins
  2 kobolds
  3 rats (D:1)
24 creatures vanquished.

Vanquished Creatures (others)
  5 toadstools (D:1)
5 creatures vanquished.

Grand Total: 29 creatures vanquished

Notes
Turn   | Place    | Note
-------+----------+-------------------------------------------
     0 | D:1      | snowfan the Mummy Fire Elementalist began the quest for the
                  | Orb.
     0 | D:1      | Reached XP level 1. HP: 13/13 MP: 4/4
   334 | D:1      | Reached skill level 1 in Conjurations
   736 | D:1      | Reached XP level 2. HP: 18/19 MP: 2/5
  1233 | D:2      | Reached skill level 3 in Fire Magic
  1268 | D:2      | Reached XP level 3. HP: 10/24 MP: 4/7
  1740 | D:2      | Mangled by a gnoll

Skill      XL: |  1  2  3 |
---------------+----------+-----
Conjurations   | 1 2 |  2.1
Fire Magic     | 3 |  3.2
Dodging        | |  1.5
Stealth        | |  1.5
Spellcasting   | |  2.6

Action                   || total
-------------------------++-------
Melee: Unarmed           ||     2
       Short sword       ||    15
 Cast: Flame Tongue      ||    42
Armor: Robe              ||    10
Dodge: Dodged            ||    34
